 Dungeon Crawl Stone Soup version 0.30-a0-149-g7f746667c4 (webtiles) character file.

Game seed: 8272684728222202625

4508 themarg the Thaumaturge (level 10, -3/70 HPs)
             Began as a Djinni Fire Elementalist on Sept 26, 2022.
             Was a Priest of Ashenzari.
             Killed from afar by a gargoyle (28 damage)
             ... with a stone arrow
             ... on level 8 of the Dungeon.
             The game lasted 00:27:21 (7963 turns).

themarg the Thaumaturge (Djinni Fire Elementalist)  Turns: 7963, Time: 00:27:22

Health: -3/70      AC:  4    Str:  3    XL:     10   Next: 65%
Gold:   463        EV: 15    Int: 23    God:    Ashenzari [***...] SH:  0 Dex: 14

rFire   + + +      SeeInvis +    m - +2 dagger (freeze)
rCold   x . .      Faith    .    (no shield)
rNeg    . . .      Spirit   .    w - +2 robe of Supernal Knowledge {Archmagi, Range, Melee} (curse)
rPois   ∞          Reflect  .    (no helmet)
rElec   .          Harm     .    (no cloak)
rCorr   .          Rampage  .    (no gloves)
Will    ++...      Archmagi +    (boots unavailable)
Stlth   +++....... Clarity  +    j - amulet of the Tethered Seeker {Regen+, Evo, Range} (curse)
HPRegen 1.01/turn                y - ring "Thunder Perfect Mind" {Wiz, Self, Evo} (curse)
MPRegen 0.00/turn                E - ring "I Knew You'd Do That" {rF+++ Will+ Str-4 Int+2 SInv, Cun, Evo} (curse)

@: flying
A: sickness immunity, fire resistance 2, cold vulnerability 1, float, innate
caster, HP casting, extra vitality 1
a: Renounce Religion, Shatter the Chains


You were on level 8 of the Dungeon.
You worshipped Ashenzari.
Ashenzari was most pleased with you.
You visited 2 branches of the dungeon, and saw 9 of its levels.

You collected 463 gold pieces.

Inventory:

Hand Weapons
 m - a +2 dagger of freezing (weapon)
Missiles
 s - 12 poisoned darts
Armour
 k - the +5 kite shield of the Stone Wall {rC+ Str-5 SInv}
   (You found it on level 2 of the Dungeon)

   Str:       It affects your strength (-5).
   rC:        It protects you from cold.
   SInv:      It lets you see invisible.
 w - the cursed +2 robe of Supernal Knowledge (worn) {Archmagi, Range, Melee}
   (You took it off Blork the orc on level 4 of the Dungeon)

   It has a curse which improves the following skills: Ranged Combat: Ranged
   Weapons and Throwing.
   Melee Combat: Short Blades, Long Blades, Axes, Maces & Flails, Polearms,
   Staves and Unarmed Combat.
Magical Staves
 t - a staff of cold
Jewellery
 j - the cursed amulet of the Tethered Seeker (around neck) {Regen+, Evo, Range}
   (You found it on level 5 of the Dungeon)

   [amulet of regeneration]

   Regen:     It increases your rate of health regeneration.
   It has a curse which improves the following skills: Evocations: Evocations.
   Ranged Combat: Ranged Weapons and Throwing.
 y - the cursed ring "Thunder Perfect Mind" (left hand) {Wiz, Self, Evo}
   (You found it on level 5 of the Dungeon)

   [ring of wizardry]

   It improves your spell success rate.
   It has a curse which improves the following skills: Introspection: Fighting
   and Spellcasting.
   Evocations: Evocations.
 D - a ring of protection from cold
 E - the cursed ring "I Knew You'd Do That" (right hand) {rF+++ Will+ Str-4 Int+2 SInv, Cun, Evo}
   (You found it on level 7 of the Dungeon)

   [ring of willpower]

   Str:       It affects your strength (-4).
   Int:       It affects your intelligence (+2).
   rF:        It renders you almost immune to fire.
   SInv:      It lets you see invisible.
   Will:      It increases your willpower.
   It has a curse which improves the following skills: Cunning: Dodging and
   Stealth.
   Evocations: Evocations.
Wands
 x - a wand of polymorph (10)
 A - a wand of roots (9)
 C - a wand of flame (15)
Scrolls
 b - a scroll of poison
 c - 5 scrolls of teleportation
 h - 3 scrolls of enchant armour
 l - 2 scrolls of fear
 p - 2 scrolls of summoning
 q - 3 scrolls of amnesia
 u - a scroll of vulnerability
 v - 2 scrolls of butterflies
 z - 3 scrolls of identify
 B - a scroll of enchant weapon
Potions
 a - 4 potions of mutation
 d - a potion of ambrosia
 e - 2 potions of curing
 f - a potion of lignification
 g - a potion of resistance
 i - 3 potions of brilliance
 n - 4 potions of heal wounds
 o - 3 potions of degeneration
 r - a potion of flight


   Skills:
 - Level 3.9(5.4) Fighting
 - Level 5.0(6.5) Dodging
 - Level 3.0(4.3) Stealth
 - Level 5.0 Shields
 + Level 11.5(13.0) Spellcasting
 + Level 2.1(4.5) Evocations


You had 12 spell levels left.
You knew the following spells:

 Your Spells              Type           Power      Damage    Failure   Level
a - Foxfire               Conj/Fire      100%       2x1d9     0%          1
b - Scorch                Fire           100%       2d10      1%          2
c - Kindle Blastsparks    Fire/Tloc/Air  100%       2d18      1%          3
d - Inner Flame           Hex/Fire       85%        N/A       1%          3
e - Flame Wave            Conj/Fire      85%        2d18      1%          4
f - Slow                  Hex            100%       N/A       0%          1
g - Ensorcelled Hibernat  Hex/Ice        100%       N/A       1%          2
h - Teleport Other        Tloc           85%        N/A       1%          3
i - Dispel Undead         Necr           85%        3d27      1%          4
Your spell library was empty.

Dungeon Overview and Level Annotations

Branches:
Dungeon (8/15)             Temple (1/1) D:4
   Lair: D:8-11

Altars:
Ashenzari
Cheibriados
Gozag
Makhleb
Nemelex Xobeh
Trog

Shops:
D:2 [

Annotations:
D:8 exclusion: orange demon, Amaemon


Innate Abilities, Weirdness & Mutations

You are immune to sickness and miasma.
You are immune to poison.
Your flesh is very heat resistant. (rF++)
You are vulnerable to cold. (rC-)
You float through the air rather than walking.
You learn spells naturally, not from books.
Your magical power is your life essence.
You have superior vitality. (+4 MHP)


Message History

Casting: Flame Wave (safe; 1% risk of failure)
Press: ? - help, Dir - look around, f - activate You feel a surge of power!
A wave of flame ripples out! (Press . to intensify the flame waves.)
You hear an angry buzzing noise.
You hear a howl!
A wave of flame ripples out!
The flame wave engulfs the hornet.
The hornet is lightly wounded.
The flame wave engulfs the deep elf pyromancer!!
Flame seeps out of the deep elf pyromancer.
The deep elf pyromancer is almost dead.
The hornet stings you.
A centaur comes into view.
The deep elf pyromancer is engulfed in blazing flames.
The deep elf pyromancer explodes!
The fiery explosion engulfs the gargoyle!!
The gargoyle is almost destroyed.
You hear a howl!
You hear a shout!
You hear an angry buzzing noise.
Your base Evocations skill increases to level 2!
A wave of flame ripples out!
The flame wave engulfs the hornet!!
The hornet is severely wounded.
The flame wave engulfs the gargoyle but does no damage.
The gargoyle is almost destroyed.
You finish channelling waves of flame.
The hornet barely misses you. The hornet stings you!
Casting: Flame Wave (safe; 1% risk of failure)
Confirm with . or Enter, or press ? or * to list all spells.
Casting: Flame Wave (safe; 1% risk of failure)
Press: ? - help, Dir - look around, f - activate You feel a surge of power!
A wave of flame ripples out!
The flame wave engulfs the hornet!
The hornet is almost dead. (Press . to intensify the flame waves.)
The hornet stings you!
The gargoyle hurls a stone arrow at you.
The stone arrow hits you.
A wave of flame ripples out!
The flame wave engulfs the hornet!!
You kill the hornet!
The gargoyle hurls a stone arrow at you.
The stone arrow hits you!!
You die...

, ...#.#....≈≈#≈~..#
*
...........~≈≈≈≈..#
* ,
......#....~###~..#*
*
..........#.~~~@~..#
, ,
.............##....#
,
######.########....#
, , #.# ####....#* *
,,#.#####......##, ,
#..##§@†##.###, , ,
, , ,#.c9).####.# ,
, , #.##### #.. , ,
* , ...* ####, , * #
, #.{.* ** , # ,
#..e #, , , 9... * ,
** *,...#. , ,......
* ,


You could see a gargoyle and a centaur.

Vanquished Creatures
  A deep elf pyromancer (D:8)
  Psyche (D:8)
  3 hornets
  6 yaks
  A vampire mosquito (D:8)
  2 sky beasts (D:6)
  2 black bears
  2 ogres (D:6)
  A centaur (D:6)
  A phantom (D:5)
  2 kobold brigands
  2 bullfrogs (D:7)
  Blork the orc (D:4)
  2 necrophages
  A killer bee (D:7)
  A howler monkey (D:6)
  An electric eel (D:8)
  A gnoll bouda (D:7)
  5 orc priests
  2 hounds
  2 iguanas
  2 orc wizards
  4 gnolls (D:7)
  11 adders
  A shadow imp (D:6)
  3 white imps
  A worm (D:4)
  3 dart slugs
  12 orcs
  5 bats
  8 endoplasms
  3 giant cockroaches
  7 goblins
  4 hobgoblins
  5 jackals
  5 quokkas
  12 ball pythons
  4 frilled lizards
  15 kobolds
  3 rats
148 creatures vanquished.

Vanquished Creatures (others)
  252 foxfires
252 creatures vanquished.

Grand Total: 400 creatures vanquished

Notes
Turn   | Place    | Note
-------+----------+-------------------------------------------
     0 | D:1      | themarg the Djinni Fire Elementalist began the quest for
                  | the Orb.
     0 | D:1      | themarg set off with the following spells memorised:
                  | Foxfire, Scorch, Kindle Blastsparks, Inner Flame, Flame
                  | Wave.
     0 | D:1      | Reached XP level 1. HP: 15/15 MP: 0/0
   207 | D:1      | Found a faded altar of an unknown god.
   214 | D:1      | Reached XP level 2. HP: 20/21 MP: 0/0
   730 | D:1      | Reached XP level 3. HP: 18/25 MP: 0/0
   730 | D:1      | Learned a level 1 spell: Slow
  1814 | D:2      | Identified the +5 kite shield of the Stone Wall {rC+ Str-5
                  | SInv}
  1843 | D:2      | Found Oraisosm's Antique Armour Emporium.
  1934 | D:2      | Reached XP level 4. HP: 22/31 MP: 0/0
  2119 | D:2      | Reached skill level 3 in Spellcasting
  2850 | D:3      | Reached XP level 5. HP: 31/35 MP: 0/0
  2850 | D:3      | Learned a level 2 spell: Ensorcelled Hibernation
  4015 | D:4      | Reached skill level 4 in Spellcasting
  4015 | D:4      | Reached XP level 6. HP: 38/40 MP: 0/0
  4097 | D:4      | Noticed Blork the orc
  4105 | D:4      | Killed Blork the orc
  4369 | D:4      | Found a staircase to the Ecumenical Temple.
  4377 | Temple   | Entered the Ecumenical Temple
  4532 | Temple   | Became a worshipper of Ashenzari the Shackled
  5113 | D:4      | Identified the +1 ring mail of an ice cave {-Cast Fly rPois
                  | Stlth+}
  5242 | D:5      | Entered Level 5 of the Dungeon
  5281 | D:5      | Reached skill level 5 in Spellcasting
  5281 | D:5      | Reached XP level 7. HP: 44/45 MP: 0/0
  5281 | D:5      | Learned a level 3 spell: Teleport Other
  5422 | D:5      | Reached skill level 6 in Spellcasting
  5713 | D:5      | Reached * piety under Ashenzari
  5714 | D:5      | Reached skill level 11 in Spellcasting
  5714 | D:5      | Reached XP level 8. HP: 50/50 MP: 0/0
  5800 | D:5      | Reached XP level 9. HP: 54/57 MP: 0/0
  5800 | D:5      | Learned a level 4 spell: Dispel Undead
  5935 | D:5      | Identified the +2 robe "Doxt" {Fly rElec}
  6007 | D:6      | Reached skill level 1 in Fighting
  6308 | D:6      | Reached skill level 1 in Shields
  6318 | D:6      | Identified the Grimoire of Baldness
  6754 | D:7      | Reached ** piety under Ashenzari
  7409 | D:7      | Noticed a hornet
  7417 | D:7      | Killed a hornet
  7478 | D:7      | Identified the ring "Niont" {rF+++ Will+ Str-4 Int+2 SInv}
  7595 | D:8      | Noticed a hornet
  7618 | D:8      | Noticed Amaemon
  7618 | D:8      | Noticed an orange demon
  7658 | D:8      | Reached skill level 5 in Dodging
  7658 | D:8      | Reached XP level 10. HP: 63/69 MP: 0/0
  7659 | D:8      | Noticed a deep elf pyromancer
  7713 | D:8      | Noticed a tengu warrior
  7793 | D:8      | Reached skill level 5 in Shields
  7882 | D:8      | Reached *** piety under Ashenzari
  7913 | D:8      | Noticed a gargoyle
  7913 | D:8      | Noticed Psyche
  7951 | D:8      | Killed Psyche
  7952 | D:8      | Reached skill level 1 in Evocations
  7960 | D:8      | Killed a deep elf pyromancer
  7963 | D:8      | Killed from afar by a gargoyle

Illustrated notes

Levels and vault maps discovered:
D:1:      minmay_arrival_semitransparent, layout_loops_cross,
          nicolae_ecumenical_snake_handling
D:2:      layout_basic, serial_shops, nicolae_shop_competitors_out_of_business,
          basic_altar
D:3:      layout_rooms, palyth_stone_intersect, minivault_14,
          hangedman_decor_push, chequers_arboretum, kennysheep_generic_room_14
D:4:      layout_basic, minmay_temple_entry_proselytizer, uniq_blork_the_orc
D:5:      layout_rooms, minmay_misc_feat_x, minmay_misc_feat_pillars
D:6:      layout_gridville
D:7:      layout_loops_ring
D:8:      minmay_cut_squares, layout_rooms, grunt_temple_overflow_holy_war,
          lemuel_round_altar, gammafunk_ghost_grave, chequers_avenue,
          minmay_crystal_water, uniq_amaemon, uniq_maggie, uniq_psyche
Temple:   nicolae_temple_superstar

Skill      XL: |  1  2  3  4  5  6  7  8  9 10 |
---------------+-------------------------------+-----
Stealth        | 2 3 |  3.0
Dodging        | 3 5 |  5.0
Spellcasting   | 3 4 5 11 | 11.5
Fighting       | 3 |  3.9
Shields        | 2 5 |  5.0
Evocations     | 2 |  2.1

Action                   |  1- 3 |  4- 6 |  7- 9 | 10-12 || total
-------------------------+-------+-------+-------+-------++-------
Melee: Dagger            |     2 |       |       |       ||     2
 Cast: Foxfire           |    44 |    61 |    50 |     1 ||   156
       Scorch            |    20 |    25 |    32 |     4 ||    81
       Ensorcelled Hiber |       |     1 |       |       ||     1
       Inner Flame       |       |     2 |    19 |     7 ||    28
       Kindle Blastspark |       |     1 |    12 |     7 ||    20
       Flame Wave        |       |       |     1 |     4 ||     5
       Slow              |       |       |     1 |       ||     1
Invok: Curse Item        |       |     1 |     2 |     1 ||     4
  Use: Scroll            |       |     4 |     1 |       ||     5
       Potion            |       |       |     1 |       ||     1
Armor: Robe              |     3 |     2 |     2 |     3 ||    10
Dodge: Dodged            |     4 |     3 |    11 |    10 ||    28

Table legend: (Time is in decaauts)
 A = Elapsed time spent in this place.
 B = Non-inter-level travel time spent in this place.
 C = Inter-level travel time spent in this place.
 D = Time resting spent in this place.
 E = Time spent auto-exploring this place.
 F = Levels seen in this place.
 G = Mean time per level.
                   A        B        C        D        E       F      G
               +--------+--------+--------+--------+--------+-----+--------+
         Total |   7965 |   7740 |    225 |   2686 |   3975 |   9 |  885.0 |
       Dungeon |   7788 |   7583 |    205 |   2686 |   3854 |   8 |  973.5 |
        Temple |    176 |    156 |     20 |      0 |    121 |   1 |  176.0 |
               +--------+--------+--------+--------+--------+-----+--------+

Top non-repeatable levels by time:
     D:1: 1662 daAuts
     D:2: 1370 daAuts
     D:3: 1152 daAuts
     D:7: 1078 daAuts
     D:4: 879 daAuts
     D:6: 752 daAuts
     D:5: 745 daAuts
  Temple: 176 daAuts
     D:8: 146 daAuts
